 Dungeon Crawl Stone Soup version 0.24.1 (webtiles) character file.

Game seed: 9112839272166534663, levelgen mode: deterministic

27 Destapler the Charmwright (level 3, -1/25 (28) HPs)
             Began as a Merfolk Skald on Mar 27, 2020.
             Slain by a necrophage (3 damage)
             ... on level 1 of the Dungeon on Mar 28, 2020.
             The game lasted 00:07:32 (1405 turns).

Destapler the Charmwright (Merfolk Skald)           Turns: 1405, Time: 00:07:32

HP:   -1/25 (28)    AC:  8    Str: 10 (11) XL:     3   Next: 10%
MP:   3/6           EV: 11    Int: 10 (12) God:
Gold: 168           SH:  0    Dex: 11 (14) Spells: 2/6 levels left

rFire    . . .     SeeInvis .   a - +0 spear
rCold    . . .     Gourm    .   (no shield)
rNeg     . . .     Faith    .   g - +3 ring mail
rPois    .         Spirit   .   (no helmet)
rElec    .         Reflect  .   (no cloak)
rCorr    .         Harm     .   (no gloves)
MR       .....                  (no boots)
Stlth    +.........             (no amulet)
HPRegen  0.00/turn              (no ring)
MPRegen  0.10/turn              (no ring)

@: very slightly contaminated, non-regenerating, diseased
A: change form in water, swift swim, stealthy swim
a: no special abilities


You were on level 1 of the Dungeon.
You were very hungry.

You visited 1 branch of the dungeon, and saw 2 of its levels.

You collected 168 gold pieces.

Inventory:

Hand Weapons
 a - a +0 spear (weapon)
Missiles
 c - 57 stones (quivered)
 e - 13 poisoned darts
Armour
 g - a +3 ring mail (worn)
Scrolls
 f - 2 scrolls of teleportation {unknown}
 h - a scroll of blinking {unknown}
 i - a scroll of random uselessness {unknown}
Potions
 j - a potion of brilliance {unknown}
 l - a potion of lignification {unknown}
Comestibles
 d - 9 rations


   Skills:
 - Level 2.3 Fighting
 - Level 3.0 Polearms
 - Level 0.6 Armour
 + Level 3.2 Dodging
 * Level 1.8 Stealth
 + Level 2.1 Spellcasting
 + Level 3.6 Charms
 * Level 0.0 Necromancy


You had 2 spell levels left.
You knew the following spells:

 Your Spells              Type           Power        Failure   Level  Hunger
a - Infusion              Chrm           #...         19%         1    ##.....
R - Regeneration          Chrm/Necr      #.........   75%         3    ####...

Your spell library contained the following spells:

 Spells                   Type           Power        Failure   Level  Hunger
 Song of Slaying          Chrm           #.......     28%         2    ###....
 Shroud of Golubria       Chrm/Tloc      #.....       50%         2    ###....
 Spectral Weapon          Hex/Chrm       #.......     75%         3    ####...


Dungeon Overview and Level Annotations

Branches:
Dungeon (2/15)

Altars:
Cheibriados


Message History

There is an open door here.
The necrophage barely misses you.
There is an open door here.
There is a stone staircase leading up here.
The necrophage closely misses you.
You climb upwards.
There is a stone staircase leading down here.
Casting: Regeneration (quite dangerous; 67% risk of failure)
Confirm with . or Enter, or press ? or * to list all spells.
You miscast Regeneration.
You are very lightly contaminated with residual magic.
You hear strange and distant voices.
You are feeling very hungry.
The necrophage hits you but does no damage.
All of the chunks of flesh in your inventory have rotted away.
It was a potion of degeneration.
There was something very wrong with that liquid.
You feel weakened.
You feel dopey.
You feel clumsy. The necrophage hits you.
You die...

##### #...# #...######
####...##...############
#..+...@................
#.##..n##.###....######.
#.##...#..# ##..^.### #.
#.##...#.## #......###.
#........# #...#......
#.######## #...#.)....
#.##....# #####......
#.##..#.## #......
#####.#..#...# #......


You could see a necrophage.

Vanquished Creatures
  A worm (D:2)
  2 dart slugs (D:1)
  2 goblins (D:1)
  5 hobgoblins (D:1)
  2 bats
  2 frilled lizards (D:1)
  A kobold (D:1)
  6 rats (D:1)
21 creatures vanquished.

Notes
Turn   | Place    | Note
-------+----------+-------------------------------------------
     0 | D:1      | Destapler the Merfolk Skald began the quest for the Orb.
     0 | D:1      | Reached XP level 1. HP: 16/16 MP: 3/3
   137 | D:1      | Reached skill level 1 in Stealth
   137 | D:1      | Reached XP level 2. HP: 23/23 MP: 5/5
  1042 | D:2      | Reached XP level 3. HP: 28/28 MP: 6/6
  1320 | D:2      | Found a snail-covered altar of Cheibriados.
  1322 | D:2      | Noticed a necrophage
  1335 | D:2      | Learned a level 3 spell: Regeneration
  1405 | D:1      | Slain by a necrophage

Levels and vault maps discovered:
D:1:      lemuel_arrival_tunnels, layout_basic
D:2:      minmay_evil_eye, layout_loops_corners, lemuel_round_altar,
          first_ration, chequers_decorated_corner, uniq_sigmund

Skill      XL: |  1 |
---------------+----+-----
Dodging        | 3 |  3.2
Stealth        | 1 |  1.8
Fighting       | |  2.3
Polearms       | |  3.0
Armour         | |  0.6
Spellcasting   | |  2.1
Charms         | |  3.6

Action                   || total
-------------------------++-------
Melee: Spear             ||   122
       Dagger            ||     3
 Cast: Infusion          ||     2
       Regeneration      ||     1
  Use: Scroll            ||     1
       Potion            ||     1
 Stab: Sleeping          ||     2
  Eat: Chunk             ||     1
Armor: Leather armour    ||     5
       Ring mail         ||    19
Dodge: Dodged            ||    30
